 Dungeon Crawl Stone Soup version 0.23.0-2-g0fe3ce5905 (webtiles) character file.

Game seed: 7427874883820768173

51333 OdinFK the Severer (level 14, -4/129 HPs)
             Began as a Hill Orc Fighter on Feb 19, 2019.
             Was the Champion of Beogh.
             Killed from afar by a raiju (19 damage)
             ... with a living lightning
             ... on level 2 of the Abyss on Feb 20, 2019.
             The game lasted 01:20:37 (18584 turns).

OdinFK the Severer (Hill Orc Fighter)              Turns: 18584, Time: 01:20:37

Health: -4/129     AC: 23    Str: 23 (24) XL:     14   Next: 59%
Magic:  14/14      EV:  7    Int:  8      God:    Beogh [******]
Gold:   31         SH: 19    Dex:  9      Spells: 13/13 levels left

rFire    . . .     SeeInvis .   c - +1 broad axe (venom)
rCold    . . .     Gourm    .   F - +0 large shield
rNeg     . . .     Faith    .   Z - +6 scale mail "Oserchag" {MR+ Dex+3}
rPois    +         Spirit   .   (no helmet)
rElec    .         Reflect  .   E - +2 cloak
rCorr    +         Harm     .   J - +0 pair of gloves
MR       +++..                  s - +1 pair of boots
Stlth    ..........             i - amulet of magic regeneration
HPRegen  0.31/turn              W - ring of Trog's Benevolence {rCorr +Blink rPois MR+}
MPRegen  0.39/turn              l - +3 ring of protection

@: glowing
A: walk on water, [blurry vision 2], [clumsy 2], [deformed body], [deterioration
2], [subdued magic 2]
a: Smiting, Recall Orcish Followers, Give Item to Named Follower, Resurrection,
Renounce Religion, Evoke Blink


You were on level 2 of the Abyss.
You worshipped Beogh.
Beogh was exalted by your worship.
You were hungry.

You visited 3 branches of the dungeon, and saw 20 of its levels.
You visited the Abyss 1 time.
You also visited: Sewer.

You collected 1360 gold pieces.
You spent 1329 gold pieces at shops.

Inventory:

Hand Weapons
 c - a +1 broad axe of venom (weapon)
 C - a +1 whip of electrocution
 K - a +4 falchion
 T - a +4 spear
Armour
 j - a +0 chain mail
 s - a +1 pair of boots (worn)
 D - a +2 robe of magic resistance
 E - a +2 cloak (worn)
 F - a +0 large shield (worn)
 J - a +0 pair of gloves (worn)
 N - a scarf of spirit shield
 Z - the +6 scale mail "Oserchag" (worn) {MR+ Dex+3}
   (You bought it in a shop on level 13 of the Dungeon)

   It affects your dexterity (+3).
   It affects your resistance to hostile enchantments.
Jewellery
 i - an amulet of magic regeneration (around neck)
 k - an uncursed ring of protection from cold
 l - a +3 ring of protection (right hand)
 M - an uncursed ring of fire {unknown}
 O - an uncursed ring of wizardry {unknown}
 W - the ring of Trog's Benevolence (left hand) {rCorr +Blink rPois MR+}
   (You found it on level 5 of the Lair of Beasts)

   [ring of resist corrosion]

   It protects you from poison.
   It affects your resistance to hostile enchantments.
   It lets you blink.
Wands
 u - a wand of digging (5)
 G - a wand of acid (14)
 P - a wand of polymorph (6)
 R - a wand of clouds (8)
Scrolls
 d - 6 scrolls of remove curse
 e - 7 scrolls of identify
 g - 4 scrolls of teleportation
 n - 3 scrolls of magic mapping
 p - 7 scrolls of amnesia {unknown}
 v - 3 scrolls of fear {unknown}
 y - a scroll of immolation
 A - 5 scrolls of enchant armour {unknown}
 B - a scroll of random uselessness {unknown}
 L - 3 scrolls of enchant weapon {unknown}
 S - a scroll of blinking {unknown}
 U - a scroll of fog {unknown}
 X - a scroll of torment {unknown}
Potions
 b - a potion of brilliance
 h - 5 potions of flight
 m - 10 potions of curing
 o - 3 potions of resistance
 q - 4 potions of haste
 r - 4 potions of mutation
 t - a potion of ambrosia
 w - a potion of lignification
 x - a potion of magic
 z - a potion of heal wounds
 H - a potion of agility
 I - 2 potions of cancellation
 Y - a potion of berserk rage
Miscellaneous
 Q - a lamp of fire
 V - a fan of gales
Comestibles
 a - 3 chunks of flesh
 f - 29 rations


   Skills:
 + Level 13.4 Fighting
 + Level 18.4 Axes
 + Level 1.6(10.8) Maces & Flails
 + Level 12.8 Armour
 + Level 13.3 Shields


You had 13 spell levels left.
You didn't know any spells.
Your spell library contained the following spells:

 Spells                   Type           Power        Failure   Level  Hunger
 Animate Skeleton         Necr           N/A          98%         1    ##.....
 Corona                   Hex            #......      98%         1    ##.....
 Pain                     Necr           #...         98%         1    ##.....
 Sandblast                Erth           #.....       98%         1    ##.....
 Ensorcelled Hibernation  Hex/Ice        #.....       99%         2    ###....
 Passwall                 Tmut/Erth      #.......     99%         2    ###....
 Confuse                  Hex            #.......     100%        3    ####...
 Dazzling Spray           Conj/Hex       #.....       100%        3    ####...
 Regeneration             Chrm/Necr      #.........   100%        3    ####...
 Stone Arrow              Conj/Erth      #.....       100%        3    ####...
 Tukima's Dance           Hex            #.......     100%        3    ####...
 Vampiric Draining        Necr           #.........   100%        3    ####...
 Animate Dead             Necr           N/A          100%        4    #####..
 Leda's Liquefaction      Hex/Erth       #.........   100%        4    #####..
 Petrify                  Tmut/Erth      #.......     100%        4    #####..
 Bolt of Magma            Conj/Fire/Erth #.........   100%        5    ######.
 Lee's Rapid Deconstruct  Erth           #.........   100%        5    ######.
 Iron Shot                Conj/Erth      #.........   100%        6    #######
 Statue Form              Tmut/Erth      #........    100%        6    #######
 Shatter                  Erth           #.........   100%        9    #######


Dungeon Overview and Level Annotations

Branches:
Dungeon (13/15)            Temple (0/1) D:5            Lair (6/6) D:9
 Shoals (0/4) Lair:2       Spider (0/4) Lair:4        Slime (0/5) Lair:5
    Orc (1/2) D:11
 Vaults: D:13-14

Altars:
Ashenzari
Elyvilon
Fedhas
Nemelex Xobeh
Okawaru
Qazlal
Ru
Sif Muna
Wu Jian
Zin

Shops:
D:4 !   D:12 %   D:13 [

Annotations:
D:4 Blork the orc
Lair:2 1 runed translucent door, Tazu's ghost, journeyman DrCj


Innate Abilities, Weirdness & Mutations

You can walk on water.
[Scrolls take you longer to read.]
[You are very clumsy. (Dex -4)]
[Armour fits poorly on your strangely shaped body.]
[Your body often deteriorates upon taking damage.]
[Your spells are easier to cast, but less powerful.]


Message History

An ophan comes into view.
The raiju barks!
The hellwing gives a chilling moan.
Really read with blurry vision while enemies are nearby? [Y]es or [N]o only, please.
Really read with blurry vision while enemies are nearby?
Okay, then.
A ynoxinul comes into view.
The wretched star glows turbulently.
The orb of energy hits you!!
* * * LOW HITPOINT WARNING * * *
A thrashing horror comes into view.
The raiju bursts into living lightning!
The living lightning hits you.
* * * LOW HITPOINT WARNING * * *
The raiju blinks!
The raiju bursts into living lightning!
The living lightning hits you.
* * * LOW HITPOINT WARNING * * *
The living lightning hits you!!
You die...

#.?##.......##=.
##.Z.
#.......*.#.##.. #
§.#
##.§.....#..##..
##.###.
#...?.#.##.##.# #
... # .
##.#....##..#.. . #
#. ##....##....##*
#.# #
.#..#..##.#.#...###
....G....##..#.. #
.##.#.#..@.%# ##.
#....##h..# . ...#.
##.#..### ...#.X.
.. ## 3...#.# .##
....#. #. . #.


You could see an ophan and a raiju.

Vanquished Creatures
  A hydra (Lair:5)
  A merfolk avatar (Lair:6)
  A centaur warrior (D:13)
  3 death yaks
  3 wizards (D:13)
  3 unseen horrors
  Pikel (D:5)
  A necromancer (D:13)
  An ugly thing (D:12)
  A cyclops (D:12)
  7 elephants
  7 spiny frogs
  A merfolk siren (Lair:2)
  A black mamba (Lair:2)
  A stone giant skeleton (Abyss:2)
  3 rime drakes
  A komodo dragon (Lair:5)
  A hellwing (Abyss:2)
  An ancient zyme (Abyss:2)
  5 trolls
  3 polar bears (Lair:6)
  6 hippogriffs
  Sigmund (D:2)
  A ynoxinul (Abyss:2)
  A wraith (D:12)
  5 fire bats (Lair:4)
  A vampire (D:13)
  2 wyverns
  2 basilisks (Lair:6)
  19 yaks
  3 vampire mosquitoes (D:12)
  A warg (Orc:1)
  3 soldier ants
  4 water moccasins
  7 porcupines
  7 orc warriors
  A phantom (D:7)
  2 black bears
  A hornet zombie (D:8)
  4 ice beasts
  3 sky beasts
  2 slaves (D:6)
  2 necrophages
  2 ogres
  5 centaurs
  5 wolves
  9 crocodiles
  5 big kobolds
  14 bullfrogs
  4 scorpions
  5 killer bees
  16 wights
  The ghost of Tazu the Conjurer, a weakling DrCj (D:3)
  A howler monkey (D:10)
  6 crimson imps
  A bullfrog zombie (D:5)
  4 quasits
  8 hounds
  4 jellies
  6 orc wizards
  5 centaur skeletons
  8 orc priests
  4 bullfrog skeletons
  An iguana (D:7)
  A gnoll shaman (D:8)
  Natasha (thrice) (D:3)
  11 worker ants
  A hound skeleton (D:4)
  2 worker ant zombies
  11 gnolls
  A howler monkey skeleton (D:4)
  12 adders
  A river rat (Sewer)
  2 shadow imps (D:6)
  3 oozes
  An adder zombie (D:6)
  4 worms
  3 dart slugs
  13 leopard geckos
  27 orcs
  8 ball pythons
  16 giant cockroaches
  7 goblins
  6 hobgoblins
  4 jackals
  22 kobolds
  4 quokkas
  10 bats
  4 frilled lizards
  A leopard gecko zombie (D:9)
  9 rats
  2 fungi
  2 plants (Lair:5)
430 creatures vanquished.

Vanquished Creatures (collateral kills)
  A stone giant (Orc:1)
  5 hydras
  A centaur warrior (D:13)
  Erica (Lair:1)
  A fire crab (Lair:6)
  2 sea snakes (Lair:6)
  An unseen horror (D:13)
  A wizard (D:13)
  A wolf spider zombie (D:10)
  3 ugly things
  A manticore (Lair:6)
  12 elephants
  2 black mambas
  A molten gargoyle (Lair:4)
  4 spiny frogs
  2 centaur skeletons
  2 rime drakes (Lair:6)
  3 komodo dragons
  5 polar bears
  A demonic crawler (Lair:4)
  A merfolk (Lair:2)
  A troll (D:13)
  2 hornets
  5 hippogriffs
  25 yaks
  A wraith (D:10)
  A wyvern (Lair:6)
  3 fire bats (Lair:4)
  A basilisk (Lair:2)
  A vampire mosquito (D:12)
  A warg (Lair:2)
  A hungry ghost (D:9)
  An acid dragon (D:12)
  5 water moccasins
  A porcupine (Lair:4)
  2 orc warriors (D:9)
  2 black bears
  A sky beast (D:10)
  A necrophage (D:10)
  2 phantoms
  2 ogres
  9 wolves
  A centaur (D:11)
  9 crocodiles
  5 bullfrogs
  A water moccasin zombie (D:12)
  4 killer bees (D:10)
  4 wights (D:10)
  A quasit (D:11)
  3 bullfrog zombies
  3 hounds (Lair:2)
  A jelly (D:11)
  2 orc priests
  A bullfrog skeleton (D:9)
  An orc wizard (D:12)
  A worker ant (Lair:4)
  A shadow imp (D:10)
  A worm (Lair:4)
  3 orcs
  A quokka (D:10)
  A plant (Lair:6)
163 creatures vanquished.

Vanquished Creatures (others)
  An orc knight (Lair:3)
  2 orc priests
  5 orc wizards
  10 orcs
  A fire vortex (Lair:4)
  5 fungi
  6 plants (Lair:6)
30 creatures vanquished.

Grand Total: 623 creatures vanquished

Notes
Turn   | Place    | Note
-------+----------+-------------------------------------------
     0 | D:1      | OdinFK the Hill Orc Fighter began the quest for the Orb.
     0 | D:1      | Reached XP level 1. HP: 19/19 MP: 1/1
    48 | D:1      | Reached XP level 2. HP: 24/27 MP: 2/2
   113 | D:1      | Reached skill level 3 in Axes
   247 | D:1      | Reached XP level 3. HP: 27/33 MP: 3/3
   768 | D:2      | Reached skill level 4 in Axes
   768 | D:2      | Reached XP level 4. HP: 31/40 MP: 4/4
  1182 | D:2      | Noticed Sigmund
  1361 | D:2      | Reached XP level 5. HP: 46/46 MP: 5/5
  1389 | D:2      | Killed Sigmund
  1389 | D:2      | Reached skill level 6 in Axes
  1389 | D:2      | Reached XP level 6. HP: 23/53 MP: 6/6
  1743 | D:3      | Noticed Natasha
  1753 | D:3      | Killed Natasha
  2201 | D:3      | Found a runed translucent door.
  2264 | D:3      | Noticed Natasha
  2287 | D:3      | Killed Natasha
  2761 | D:3      | Found a shattered altar of Ashenzari.
  2802 | D:3      | Noticed Natasha
  2808 | D:3      | Killed Natasha
  2808 | D:3      | Reached XP level 7. HP: 60/60 MP: 7/7
  3030 | D:3      | Noticed Tazu's ghost (weakling DrCj)
  3042 | D:3      | Killed Tazu's ghost
  3042 | D:3      | Reached skill level 7 in Axes
  3380 | D:4      | Found a stormy altar of Qazlal.
  3391 | D:4      | Reached skill level 5 in Fighting
  3408 | D:4      | Noticed Blork the orc
  3414 | D:4      | Found a deep blue altar of Sif Muna.
  3522 | D:4      | Found Jikhoury's Distillery.
  3648 | D:4      | Reached skill level 8 in Axes
  3651 | D:4      | Found a glowing drain.
  3665 | Sewer    | Entered a sewer
  3796 | Sewer    | Reached skill level 5 in Armour
  3796 | Sewer    | Reached skill level 5 in Shields
  3973 | Sewer    | Reached skill level 9 in Axes
  3973 | Sewer    | Reached XP level 8. HP: 62/68 MP: 8/8
  4238 | D:4      | Bought a potion of curing for 30 gold pieces
  4238 | D:4      | Bought a potion of heal wounds for 50 gold pieces
  4248 | D:5      | Entered Level 5 of the Dungeon
  4394 | D:5      | Found a staircase to the Ecumenical Temple.
  4463 | D:5      | Became a worshipper of Beogh the Brigand
  4725 | D:5      | Reached skill level 10 in Axes
  5216 | D:6      | Reached skill level 11 in Axes
  5241 | D:6      | Reached XP level 9. HP: 55/75 MP: 9/9
  5242 | D:6      | Reached * piety under Beogh
  5279 | D:6      | Found a blossoming altar of Fedhas.
  5375 | D:6      | Found an ornate altar of the Wu Jian Council.
  5503 | D:6      | Noticed Pikel
  5582 | D:6      | Found a sacrificial altar of Ru.
  5673 | D:5      | Killed Pikel
  5673 | D:5      | Reached skill level 12 in Axes
  5700 | D:6      | You fall through a shaft!
  5891 | D:6      | Found a white marble altar of Elyvilon.
  5893 | D:6      | Found a shattered altar of Ashenzari.
  6321 | D:7      | Found an iron altar of Okawaru.
  6384 | D:7      | Reached skill level 13 in Axes
  6468 | D:7      | Reached ** piety under Beogh
  6483 | D:7      | Reached XP level 10. HP: 71/84 MP: 10/10
  6826 | D:8      | Got a pair of pitted gloves
  6832 | D:8      | Identified the cursed +0 pair of gloves of Curiosity {Dex+5
                  | Slay-3} (You found it on level 8 of the Dungeon)
  6902 | D:8      | Reached skill level 14 in Axes
  7545 | D:8      | Reached *** piety under Beogh
  7640 | D:8      | Found a glowing silver altar of Zin.
  7796 | D:9      | Noticed a death yak
  7796 | D:9      | Noticed a death yak
  7955 | D:9      | Found a sparkling altar of Nemelex Xobeh.
  7977 | D:9      | Noticed a death yak
  7980 | D:10     | Entered Level 10 of the Dungeon
  8020 | D:10     | Reached skill level 15 in Axes
  8238 | D:9      | Gained Ugbert as an ally
  8245 | D:9      | Reached **** piety under Beogh
  8531 | D:9      | Reached XP level 11. HP: 76/94 MP: 11/11
  8642 | D:8      | Killed a death yak
  8652 | D:8      | Killed a death yak
  8814 | D:9      | Killed a death yak
  8852 | D:9      | Found a staircase to the Lair.
  9624 | D:10     | Reached skill level 16 in Axes
  9678 | D:10     | Killed an unseen horror
  9836 | Lair:1   | Entered Level 1 of the Lair of Beasts
  9866 | Lair:1   | Noticed Erica
  9878 | Lair:1   | Killed Erica
 10306 | Lair:1   | Reached ***** piety under Beogh
 10562 | Lair:2   | Reached XP level 12. HP: 98/106 MP: 12/12
 10894 | Lair:2   | Found a runed translucent door.
 10895 | Lair:2   | Noticed Tazu's ghost (journeyman DrCj)
 10911 | Lair:2   | Reached skill level 10 in Fighting
 10930 | Lair:2   | Found a staircase to the Shoals.
 11132 | Lair:2   | Noticed a four-headed hydra
 11142 | Lair:2   | Killed a four-headed hydra
 11142 | Lair:2   | Reached skill level 10 in Armour
 11741 | Lair:3   | Noticed an eight-headed hydra
 11753 | Lair:3   | Killed a nine-headed hydra
 11753 | Lair:3   | Reached skill level 10 in Shields
 12795 | Lair:4   | Found a hole to the Spider Nest.
 12856 | Lair:4   | Reached skill level 17 in Axes
 13457 | Lair:4   | Reached XP level 13. HP: 87/116 MP: 13/13
 14323 | Lair:5   | Got a sparkling ivory ring
 14485 | Lair:5   | Reached ****** piety under Beogh
 14725 | Lair:5   | Found a staircase to the Slime Pits.
 14920 | Lair:6   | Entered Level 6 of the Lair of Beasts
 14942 | Lair:6   | Reached skill level 1 in Maces & Flails
 15554 | Lair:6   | Identified the ring of Trog's Benevolence {rCorr +Blink
                  | rPois MR+} (You found it on level 5 of the Lair of Beasts)
 16214 | D:11     | Identified a scroll of acquirement
 16331 | D:11     | Reached XP level 14. HP: 124/127 MP: 14/14
 16373 | D:11     | Reached skill level 18 in Axes
 16532 | D:11     | Found a staircase to the Orcish Mines.
 16598 | Orc:1    | Entered Level 1 of the Orcish Mines
 16604 | Orc:1    | Noticed a stone giant
 16613 | Orc:1    | Killed a stone giant
 16954 | D:12     | Gained Learuk as an ally
 17160 | D:12     | Paralysed by a hornet for 3 turns
 17374 | D:12     | Found Biarr's Food Shoppe.
 17774 | D:12     | Upgraded the game from 0.23.0 to 0.23.0-2-g0fe3ce5905
 17853 | D:13     | Found Cocluu's Armour Shop.
 17856 | D:13     | Bought the +6 scale mail "Oserchag" {MR+ Dex+3} for 952
                  | gold pieces
 17856 | D:13     | Bought a +2 cloak for 297 gold pieces
 18406 | D:13     | Cast into level 2 of the Abyss (a wizard)
 18580 | Abyss:2  | Noticed an ophan
 18584 | Abyss:2  | Killed from afar by a raiju

Skill      XL: |  1  2  3  4  5  6  7  8  9 10 11 12 13 14 |
---------------+-------------------------------------------+-----
Axes           | 3 4 6 9 11 13 15 16 17 18 | 18.4
Fighting       | 4 5 6 8 9 11 12 13 | 13.4
Shields        | 4 5 7 8 9 10 12 13 | 13.3
Armour         | 4 5 6 7 9 11 12 | 12.8
Maces & Flails | 1 |  1.6

Action                   |  1- 3 |  4- 6 |  7- 9 | 10-12 | 13-15 || total
-------------------------+-------+-------+-------+-------+-------++-------
Melee: War axe           |   122 |   176 |   562 |   701 |   269 ||  1830
       Whip              |       |       |       |       |    10 ||    10
       Broad axe         |       |       |       |       |   282 ||   282
Invok: Convert to Beogh  |       |       |     1 |       |       ||     1
       Give Item to Name |       |       |       |     1 |       ||     1
  Use: Potion            |       |     1 |       |     1 |     1 ||     3
       Scroll            |       |       |     8 |    10 |     6 ||    24
 Stab: Distracted        |       |       |       |     1 |     3 ||     4
  Eat: Chunk             |       |     6 |    13 |    21 |    17 ||    57
       Ration            |       |       |       |     1 |       ||     1
Armor: Scale mail        |    20 |       |       |       |    48 ||    68
       Chain mail        |    50 |   112 |   255 |   384 |   185 ||   986
Dodge: Dodged            |    19 |    38 |    84 |   158 |   102 ||   401
Block: Shield            |    74 |    97 |   252 |   395 |   118 ||   936
       Large shield      |       |       |       |       |   246 ||   246
